 Dungeon Crawl Stone Soup version 0.23-a0-275-g0cf4261 (webtiles) character file.

126 Megalobster the Fighter (level 5, 0/51 HPs)
             Began as a Gnoll Wanderer on Oct 2, 2018.
             Succumbed to a worker ant's poison
             ... on level 3 of the Dungeon.
             The game lasted 00:07:25 (2799 turns).

Megalobster the Fighter (Gnoll Wanderer)            Turns: 2799, Time: 00:07:26

Health: 0/51       AC:  2    Str: 16    XL:     5   Next: 9%
Magic:  6/6        EV:  9    Int: 15    God:
Gold:   82         SH:  8    Dex: 13    Spells: 6/6 levels left

rFire    + . .     SeeInvis .   a - +0 hand axe
rCold    . . .     Gourm    .   e - +0 shield
rNeg     . . .     Faith    .   d - +0 robe
rPois    .         Spirit   .   (no helmet)
rElec    .         Reflect  .   (no cloak)
rCorr    .         Harm     .   (no gloves)
MR       .....                  (no boots)
Stlth    +++.......             A - amulet of rage
HPRegen  0.17/turn              x - ring of protection from fire
MPRegen  0.10/turn              (no ring)

@: lethally poisoned (0 -> -18)
A: distributed training, fangs 1, strong nose
a: Evoke Berserk Rage


You were on level 3 of the Dungeon.
You were hungry.

You visited 1 branch of the dungeon, and saw 4 of its levels.

You collected 82 gold pieces.

Inventory:

Hand Weapons
 a - a +0 hand axe (weapon)
 b - a +0 hunting sling of freezing
 f - a +0 dagger
 m - a +0 spear
 q - a +0 club
Missiles
 i - 128 stones (quivered)
 C - 34 sling bullets
Armour
 d - a +0 robe (worn)
 e - a +0 shield (worn)
 o - a +0 ring mail
 p - a +0 scale mail
 v - a +0 ring mail
Jewellery
 x - a ring of protection from fire (left hand)
 A - an amulet of rage (around neck)
Scrolls
 j - 2 scrolls of remove curse {unknown}
 k - 11 scrolls of identify {unknown}
 n - 3 scrolls of teleportation
 s - a scroll of enchant weapon {unknown}
 y - 3 scrolls of enchant armour {unknown}
 z - 2 scrolls of fear {unknown}
 B - a scroll of amnesia {unknown}
Potions
 c - a potion of lignification
 h - a potion of magic {unknown}
 l - a potion of degeneration {unknown}
 r - a potion of ambrosia {unknown}
 t - a potion of berserk rage {unknown}
 w - 4 potions of curing {unknown}
Comestibles
 g - 9 rations


   Skills:
 + Level 8.6 Fighting
 + Level 1.3 Short Blades
 + Level 1.3 Long Blades
 + Level 1.3 Axes
 + Level 1.3 Maces & Flails
 + Level 1.3 Polearms
 + Level 1.3 Staves
 + Level 1.3 Slings
 + Level 1.3 Bows
 + Level 1.3 Crossbows
 + Level 2.8 Throwing
 + Level 1.3 Armour
 + Level 1.3 Dodging
 + Level 4.3 Stealth
 + Level 2.8 Shields
 + Level 4.7 Unarmed Combat
 + Level 1.3 Spellcasting
 + Level 1.0 Conjurations
 + Level 1.0 Hexes
 + Level 1.0 Charms
 + Level 1.0 Summonings
 + Level 1.0 Necromancy
 + Level 1.0 Translocations
 + Level 1.0 Transmutations
 + Level 1.0 Fire Magic
 + Level 1.0 Ice Magic
 + Level 1.0 Air Magic
 + Level 1.0 Earth Magic
 + Level 1.0 Poison Magic
 + Level 1.4 Invocations
 + Level 1.3 Evocations


You had 6 spell levels left.
You didn't know any spells.
Your spell library was empty.

Dungeon Overview and Level Annotations

Branches:
Dungeon (4/15)
 Temple: D:4-7

Altars:
Xom


Innate Abilities, Weirdness & Mutations

Your experience applies equally to all skills.
You have very sharp teeth.
Your uncanny sense of smell can sniff out nearby items.


Message History

You are more poisoned.
The worker ant poisons you!
You take 5 damage, and have 9/51 hp.
You hit the worker ant but do no damage.
Your bite misses the worker ant.
The worker ant is heavily wounded.
* * * LOW HITPOINT WARNING * * *
You feel sick. The worker ant barely misses you.
You block the worker ant's attack.
You take 2 damage, and have 7/51 hp.
You hit the worker ant but do no damage.
The worker ant is heavily wounded.
* * * LOW HITPOINT WARNING * * *
You feel sick. The worker ant bites you.
* * * LOW HITPOINT WARNING * * *
The worker ant barely misses you.
You take 5 damage, and have 2/51 hp.
You barely miss the worker ant. Your bite misses the worker ant.
The worker ant is heavily wounded.
You die...

#.....# #....##.#####.....
#.....####.................
###.....##...#...#....##.....
#.......##.#.#.#<.###.###....
#.......##.#.#.#......# ##.##
#.......##.#...#...#### #....
#.......##.#.###...# ####..#.
#.......'..#.###...###.....#.
#.......#..#@..............#.
#.......#..a......#....###...
##.......#..##.###....###
#... #<.......#.....# ###.##
##..
#........#.#########.#### ##.
#........#.# #.....#....# #.
##.......#.#
#.###.####.#####. #########.#
#.###....#....... #.#
#.#..###.#......#


You could see a worker ant.

Vanquished Creatures
  A worker ant (D:4)
  A hound skeleton (D:2)
  2 adders
  2 oozes (D:2)
  2 worms (D:2)
  2 leopard geckos (D:2)
  2 orcs (D:3)
  4 ball pythons
  3 giant cockroaches (D:3)
  6 goblins
  4 hobgoblins
  4 quokkas
  6 bats
  2 frilled lizards (D:2)
  A jackal skeleton (D:4)
  6 kobolds
  7 rats
55 creatures vanquished.

Notes
Turn   | Place    | Note
-------+----------+-------------------------------------------
     0 | D:1      | Megalobster the Gnoll Wanderer began the quest for the Orb.
     0 | D:1      | Megalobster set off with: a +0 shield, a scroll of
                  | teleportation, a potion of lignification, a +0 robe, a +0
                  | club, a +0 dagger, a ration
     0 | D:1      | Reached XP level 1. HP: 26/26 MP: 1/1
   473 | D:1      | Reached XP level 2. HP: 28/33 MP: 2/2
  1146 | D:2      | Reached XP level 3. HP: 20/38 MP: 3/3
  1504 | D:2      | Reached skill level 1 in Invocations
  1789 | D:2      | Reached skill level 1 in Short Blades
  1789 | D:2      | Reached skill level 1 in Long Blades
  1789 | D:2      | Reached skill level 1 in Axes
  1789 | D:2      | Reached skill level 1 in Maces & Flails
  1789 | D:2      | Reached skill level 1 in Polearms
  1789 | D:2      | Reached skill level 1 in Staves
  1789 | D:2      | Reached skill level 1 in Slings
  1789 | D:2      | Reached skill level 1 in Bows
  1789 | D:2      | Reached skill level 1 in Crossbows
  1789 | D:2      | Reached skill level 1 in Armour
  1789 | D:2      | Reached skill level 1 in Dodging
  1789 | D:2      | Reached skill level 1 in Spellcasting
  1789 | D:2      | Reached skill level 1 in Evocations
  1789 | D:2      | Reached XP level 4. HP: 38/45 MP: 5/5
  2281 | D:3      | Found a shimmering altar of Xom.
  2296 | D:3      | Found a shimmering altar of Xom.
  2598 | D:3      | Reached skill level 1 in Conjurations
  2598 | D:3      | Reached skill level 1 in Hexes
  2598 | D:3      | Reached skill level 1 in Charms
  2598 | D:3      | Reached skill level 1 in Summonings
  2598 | D:3      | Reached skill level 1 in Necromancy
  2598 | D:3      | Reached skill level 1 in Translocations
  2598 | D:3      | Reached skill level 1 in Transmutations
  2598 | D:3      | Reached skill level 1 in Fire Magic
  2598 | D:3      | Reached skill level 1 in Ice Magic
  2598 | D:3      | Reached skill level 1 in Air Magic
  2598 | D:3      | Reached skill level 1 in Earth Magic
  2598 | D:3      | Reached skill level 1 in Poison Magic
  2759 | D:4      | Reached XP level 5. HP: 31/51 MP: 6/6
  2798 | D:3      | HP: 2/51 [worker ant (4)]
  2799 | D:3      | Succumbed to a worker ant's poison

Vault maps used:
D:1:      dpeg_arrival_snail, minmay_misc_feat_hallway,
          minmay_shallow_snake_nest
D:3:      xom_redecorated
D:4:      makhleb_altar_promises_db, first_ration

Skill      XL: |  1  2  3  4 |
---------------+-------------+-----
Invocations    | 1 |  1.4
Short Blades   | 1 |  1.3
Long Blades    | 1 |  1.3
Axes           | 1 |  1.3
Maces & Flails | 1 |  1.3
Polearms       | 1 |  1.3
Staves         | 1 |  1.3
Slings         | 1 |  1.3
Bows           | 1 |  1.3
Crossbows      | 1 |  1.3
Armour         | 1 |  1.3
Dodging        | 1 |  1.3
Spellcasting   | 1 |  1.3
Evocations     | 1 |  1.3
Conjurations   | 1 |  1.0
Hexes          | 1 |  1.0
Charms         | 1 |  1.0
Summonings     | 1 |  1.0
Necromancy     | 1 |  1.0
Translocations | 1 |  1.0
Transmutations | 1 |  1.0
Fire Magic     | 1 |  1.0
Ice Magic      | 1 |  1.0
Air Magic      | 1 |  1.0
Earth Magic    | 1 |  1.0
Poison Magic   | 1 |  1.0
Fighting       | |  8.6
Throwing       | |  2.8
Stealth        | |  4.3
Shields        | |  2.8
Unarmed Combat | |  4.7

Action                   |  1- 3 |  4- 6 || total
-------------------------+-------+-------++-------
Melee: Club              |    34 |       ||    34
       Bite              |     8 |     3 ||    11
       Hand axe          |    30 |    33 ||    63
 Fire: Hunting sling     |    35 |    46 ||    81
 Stab: Sleeping          |     3 |       ||     3
  Eat: Chunk             |     3 |     2 ||     5
Armor: Robe              |    13 |     2 ||    15
Dodge: Dodged            |    28 |    12 ||    40
Block: Shield            |    33 |    15 ||    48

Table legend:
 A = Non-vault XP
 B = Vault XP
 C = Vault XP percentage of total XP
 D = Non-vault monster count
 E = Vault monster count
 F = Vault count percentage of total count
                 A         B        C        D         E       F
            +---------+---------+-------+---------+---------+-------
      Total |     175 |       5 |   2.8 |      52 |       3 |   5.5
            +---------+---------+-------+---------+---------+-------
        D:1 |      10 |       5 |  33.3 |       6 |       3 |  33.3
        D:2 |      87 |       0 |   0.0 |      25 |       0 |   0.0
        D:3 |      43 |       0 |   0.0 |      19 |       0 |   0.0
        D:4 |      35 |       0 |   0.0 |       2 |       0 |   0.0
            +---------+---------+-------+---------+---------+-------
